[ AOE2 MATCH · #505131147 ]
UnrankedTupi vs Vietnamese
Player's team · LOSS
[ REPLAY ANALYSIS · EXTRACTED FROM THE RECORDED GAME ]
Feudal
12:44
Castle
—
Imperial
—
| APM avg | 105.8 |
| APM peak | 180 |
| eAPM avg | 52.2 |
| Villagers / military | 34 / 2 |
Focus
⚔️ 66.6% · 🌾 33.4%
Unknown (2550) ×7 · Spearman ×2
Feudal
8:28
Castle
—
Imperial
—
| APM avg | 98.2 |
| APM peak | 184 |
| eAPM avg | 33.4 |
| Villagers / military | 36 / 12 |
Focus
⚔️ 46.0% · 🌾 54.0%
Scout Cavalry ×12
Match map
Initial resources + every placement click. Lines = walls · curves = elevation contours. ◆ gold · ⬟ stone · ● berries · ✦ relic · ◌ wall gap
Your base· Open — unwalled flank
nW | Manuel's base· Open — unwalled flank
Smoothed initial terrain · ◌ = detected wall gap · hover for details
Inputs per minute
— SVTT | Альпинист - - nW | Manuel
Build order — SVTT | Альпинист
61 actions detected in the replay
| 0:00 | Queue | Villager (Male) |
| 0:02 | Build | House |
| 0:02 | Queue | Villager (Male) |
| 0:03 | Build | House |
| 0:07 | Queue | Villager (Male) |
| 0:08 | Queue | Villager (Male) |
| 0:34 | Build | Barracks |
| 1:04 | Queue | Villager (Male) |
| 1:45 | Research | Loom |
| 1:47 | Queue | Villager (Male) |
| 2:04 | Queue | Unit 2550 |
| 2:04 | Queue | Unit 2550 |
| 2:32 | Queue | Villager (Male) |
| 3:05 | Queue | Villager (Male) |
| 3:09 | Queue | Unit 2550 |
| 3:34 | Queue | Villager (Male) |
| 3:34 | Queue | Villager (Male) |
| 3:36 | Build | House |
| 4:01 | Queue | Villager (Male) |
| 4:02 | Queue | Villager (Male) |
| 4:18 | Queue | Villager (Male) |
| 4:36 | Queue | Unit 2550 |
| 4:47 | Queue | Villager (Male) |
| 4:48 | Queue | Villager (Male) |
| 4:58 | Queue | Villager (Male) |
| 4:58 | Queue | Villager (Male) |
| 5:08 | Build | House |
| 5:11 | Build | House |
| 5:33 | Queue | Villager (Male) |
| 5:34 | Queue | Villager (Male) |
| 5:34 | Queue | Villager (Male) |
| 6:10 | Queue | Villager (Male) |
| 6:10 | Queue | Villager (Male) |
| 6:30 | Queue | Villager (Male) |
| 6:35 | Queue | Villager (Male) |
| 6:36 | Queue | Villager (Male) |
| 6:43 | Build | Settlement |
| 6:48 | Queue | Villager (Male) |
| 6:48 | Queue | Villager (Male) |
| 6:52 | Queue | Villager (Male) |
| 7:43 | Queue | Villager (Male) |
| 8:35 | Queue | Villager (Male) |
| 8:37 | Build | Farm |
| 8:46 | Build | Settlement |
| 9:01 | Queue | Villager (Male) |
| 9:25 | Queue | Villager (Male) |
| 9:27 | Build | Farm |
| 9:58 | Build | Farm |
| 10:32 | Build | Settlement |
| 10:34 | Research | Feudal Age |
| 10:42 | Build | Settlement |
| 11:50 | Queue | Unit 2550 |
| 11:50 | Queue | Unit 2550 |
| 12:03 | Build | House |
| 12:18 | Queue | Unit 2550 |
| 12:44 | Age | Feudal Age |
| 12:46 | Queue | Spearman |
| 12:55 | Build | Watch Tower |
| 13:05 | Queue | Spearman |
| 13:17 | Queue | Villager (Male) |
| 13:17 | Queue | Villager (Male) |
Build order — nW | Manuel
75 actions detected in the replay
| 0:00 | Queue | Villager (Male) |
| 0:00 | Queue | Villager (Male) |
| 0:01 | Build | House |
| 0:02 | Build | House |
| 0:05 | Queue | Villager (Male) |
| 0:05 | Queue | Villager (Male) |
| 0:05 | Queue | Villager (Male) |
| 1:32 | Queue | Villager (Male) |
| 1:32 | Queue | Villager (Male) |
| 2:00 | Queue | Villager (Male) |
| 2:00 | Queue | Villager (Male) |
| 2:18 | Queue | Villager (Male) |
| 2:18 | Queue | Villager (Male) |
| 2:47 | Queue | Villager (Male) |
| 2:47 | Queue | Villager (Male) |
| 3:15 | Build | Lumber Camp |
| 3:36 | Queue | Villager (Male) |
| 3:37 | Queue | Villager (Male) |
| 3:37 | Queue | Villager (Male) |
| 4:00 | Queue | Villager (Male) |
| 4:01 | Queue | Villager (Male) |
| 4:07 | Build | House |
| 4:27 | Queue | Villager (Male) |
| 4:27 | Queue | Villager (Male) |
| 5:13 | Queue | Villager (Male) |
| 5:13 | Research | Loom |
| 5:40 | Build | Mill |
| 5:47 | Build | Palisade Wall |
| 6:18 | Research | Feudal Age |
| 6:18 | Research | Feudal Age |
| 6:19 | Research | Feudal Age |
| 8:17 | Build | Barracks |
| 8:28 | Age | Feudal Age |
| 8:30 | Queue | Villager (Male) |
| 8:30 | Queue | Villager (Male) |
| 8:32 | Research | Double-Bit Axe |
| 9:00 | Queue | Villager (Male) |
| 9:00 | Queue | Villager (Male) |
| 9:23 | Build | House |
| 9:53 | Queue | Villager (Male) |
| 9:57 | Build | Stable |
| 10:15 | Queue | Villager (Male) |
| 10:16 | Queue | Villager (Male) |
| 10:22 | Research | Horse Collar |
| 10:32 | Queue | Scout Cavalry |
| 10:32 | Queue | Scout Cavalry |
| 10:38 | Build | House |
| 10:41 | Build | House |
| 10:50 | Build | Farm |
| 10:51 | Build | Farm |
| 10:51 | Queue | Villager (Male) |
| 11:07 | Queue | Scout Cavalry |
| 11:09 | Build | House |
| 11:19 | Queue | Scout Cavalry |
| 11:20 | Queue | Scout Cavalry |
| 11:29 | Queue | Villager (Male) |
| 11:30 | Queue | Villager (Male) |
| 11:32 | Build | Farm |
| 11:54 | Queue | Villager (Male) |
| 11:54 | Queue | Villager (Male) |
| 11:59 | Build | Farm |
| 12:23 | Build | House |
| 12:24 | Build | House |
| 12:37 | Queue | Villager (Male) |
| 12:37 | Queue | Villager (Male) |
| 12:40 | Queue | Scout Cavalry |
| 12:40 | Queue | Scout Cavalry |
| 12:50 | Queue | Villager (Male) |
| 12:53 | Build | House |
| 13:02 | Queue | Scout Cavalry |
| 13:02 | Queue | Scout Cavalry |
| 13:02 | Queue | Scout Cavalry |
| 13:29 | Queue | Scout Cavalry |
| 13:29 | Queue | Scout Cavalry |
| 13:38 | Build | Farm |
Match timeline
| 0:34 | SVTT | Альпинист · first_building Barracks |
| 5:47 | nW | Manuel · wall_segment Palisade Wall x1 |
| 8:17 | nW | Manuel · first_building Barracks |
| 8:28 | nW | Manuel · age_up feudal |
| 9:57 | nW | Manuel · first_building Stable |
| 12:44 | SVTT | Альпинист · age_up feudal |
| 13:50 | SVTT | Альпинист · resign |
[ AI ANALYSIS · 1 CREDIT ]
What really happened in this match?
Wolo.gg analyzes every decision: build order, eco, micro, common mistakes by bracket. Personalized analysis on WhatsApp or Discord in 30 seconds.
Civ guide
Tupi
Perfil
SVTT | Альпинист